 Dungeon Crawl Stone Soup version 0.21-a0-529-g8c7b3f5 (webtiles) character file.

12453 Gorglomux the Grappler (level 11, -22/101 HPs)
             Began as a Ghoul Chaos Knight on Dec 9, 2017.
             Annihilated by a large abomination (25 damage)
             ... on level 2 of the Abyss.
             The game lasted 00:28:57 (11858 turns).

Gorglomux the Grappler (Ghoul Chaos Knight)        Turns: 11858, Time: 00:28:58

Health: -22/101    AC: 20    Str: 20    XL:     11   Next: 93%
Magic:  13/13      EV:  9    Int:  7    God:    Xom [......]
Gold:   438        SH:  0    Dex: 11    Spells: 10/10 levels left

rFire    + . .     SeeInvis .     - Unarmed
rCold    + + .     Gourm    .   (no shield)
rNeg     + + +     Faith    .   X - +0 plate armour
rPois    ∞         Spirit   .   C - +2 hat "Hapleo" {rElec rC+ Dex+3 Stlth-}
rElec    +         Reflect  .   L - +2 cloak
rCorr    .         Harm     .   (no gloves)
MR       .....                  B - +0 pair of boots
Stlth    ..........             (no amulet)
HPRegen  0.00/turn              f - ring of protection from fire
MPRegen  0.13/turn              y - +3 ring of slaying

@: rotting
A: rotting body, claws 1, carnivore 3, cold resistance 1, negative energy
resistance 3, inhibited regeneration, torment resistance, unbreathing
a: Renounce Religion


You were on level 2 of the Abyss.
You worshipped Xom.
You were a very special plaything of Xom.
You were not hungry.

You visited 1 branch of the dungeon, and saw 12 of its levels.
You visited the Abyss 1 time.
You also visited: Sewer.

You collected 558 gold pieces.
You spent 120 gold pieces at shops.

Inventory:

Missiles
 Z - 2 throwing nets (quivered)
Armour
 B - a +0 pair of boots (worn)
 C - the +2 hat "Hapleo" (worn) {rElec rC+ Dex+3 Stlth-}
   (You found it on level 5 of the Dungeon)

   It affects your dexterity (+3).
   It protects you from cold.
   It insulates you from electricity.
   It makes you less stealthy.
 L - a +2 cloak (worn)
 X - a +0 plate armour (worn)
Jewellery
 f - a ring of protection from fire (left claw)
 g - an uncursed ring of resist corrosion
 y - a +3 ring of slaying (right claw)
Wands
 A - a wand of acid (19) {god gift}
 E - a wand of enslavement (7)
 W - a wand of disintegration (14)
Scrolls
 u - a scroll of blinking {unknown}
 v - a scroll of summoning {unknown}
 w - a scroll of holy word {unknown}
 D - 3 scrolls of remove curse
 F - 3 scrolls of fog
 G - 4 scrolls of immolation
 M - a scroll of magic mapping
 O - a scroll of fear
 T - 7 scrolls of teleportation
Potions
 x - a potion of magic {unknown}
 H - 2 potions of invisibility
 I - 2 potions of heal wounds {unknown}
 J - a potion of haste {unknown}
 K - 2 potions of berserk rage
 R - a potion of ambrosia {unknown}
 S - a potion of might {unknown}
 U - 2 potions of brilliance {unknown}
Books
 Y - a book of Geomancy {god gift}

   Spells                             Type                      Level
   a - Sandblast                      Earth                        1
   b - Passwall                       Transmutation/Earth          2
   c - Stone Arrow                    Conjuration/Earth            3
   d - Petrify                        Transmutation/Earth          4
   e - Lee's Rapid Deconstruction     Earth                        5
Miscellaneous
 V - a phantom mirror
Comestibles
 z - 4 meat rations
 N - 15 royal jellies


   Skills:
 + Level 10.3 Fighting
 + Level 8.5 Armour
 + Level 8.3 Dodging
 + Level 10.3 Unarmed Combat
 - Level 5.0 Evocations


You had 10 spell levels left.
You didn't know any spells.

Dungeon Overview and Level Annotations

Branches:
Dungeon (11/15)            Temple (0/1) D:6            Lair (0/6) D:8
    Orc (0/2) D:9

Altars:
Ashenzari
Cheibriados
Dithmenos
Elyvilon
Fedhas
Hepliaklqana
Kikubaaqudgha
Qazlal
Sif Muna
Trog
Xom

Shops:
D:4 }

Annotations:
D:3 2 transporters


Innate Abilities, Weirdness & Mutations

Your body is rotting away.
You thrive on raw meat.
You are immune to poison.
You have sharp fingernails.
You are carnivorous and can eat meat at any time.
Your flesh is cold resistant. (rC+)
You are immune to negative energy. (rN+++)
You do not regenerate when monsters are visible.
You are immune to unholy pain and torment.
You can survive without breathing.


Message History

You are too injured to fight recklessly!!!
Unknown command!
You feel better!
The thrashing horror tramples you! * * * don't die
* * * You hold your ground!!!
The thrashing horror tramples you but does no damage!
The thrashing horror tramples you! * * * don't die
* * * You hold your ground!!!
The thrashing horror tramples you but does no butt!
The butt abomination hits you!!! * * * don't die
* * *
Okay, then!
You feel better!
The thrashing horror tramples you! * * * don't die
* * * You hold your ground!!!
The butt horror tramples you! * * * don't die
* * * You hold butt's ground!!!
The large abomination hits you!!!!!! rip Xom roars with laughter!!!

. .# . ##.. #. ..
# .# # ...
..#.##..# # ..#..
...#..#.#.## .#
....#.##.........
#. .
....#.X.....#
...# .##.@.....#
#.#....#...#..#
##....#.X...# #
#.#........#.. .
#...###.#..#.##
##.## ##..###.#
#. #.# .#.. .. #
# #.# ##..... .
#.§ #.. ##...###.


You could see a thrashing horror and a large abomination.

Vanquished Creatures
  Fannar (D:9)
  A two-headed ogre (D:9)
  The ghost of Scuka the Fighter, a novice BaBe of Trog (D:9)
  An unseen horror (D:11)
  The ghost of Gerstahl the Skirmisher, a novice GrMo of Nemelex Xobeh (D:6)
  A worldbinder (Abyss:2)
  The ghost of Ratty the Archer, a novice CeHu (D:4)
  A smoke demon (Abyss:2)
  A troll (D:10)
  A hornet (D:8)
  Grinder (D:5)
  A hippogriff (D:8)
  A blink frog (D:10)
  A small abomination (Abyss:2)
  A vampire (D:7)
  4 yaks
  4 wyverns
  Grum (D:8)
  A warg (D:9)
  A naga (shapeshifter) (D:4)
  An acid dragon (D:8)
  Duvessa (D:4)
  4 orc warriors
  An eye of draining (D:8)
  An ice beast (D:5)
  2 phantoms
  2 sky beasts (D:11)
  2 ogres
  3 wolves (D:8)
  A black bear (D:9)
  A centaur (D:5)
  A crocodile (D:11)
  4 big kobolds (Sewer)
  2 bullfrogs (D:8)
  A gnoll sergeant (D:8)
  3 scorpions
  Dowan (D:4)
  5 howler monkeys
  5 crimson imps
  A bullfrog zombie (D:10)
  3 hounds
  6 jellies
  2 orc priests
  Crazy Yiuf (D:4)
  A bullfrog skeleton (D:10)
  3 iguanas
  Ijyb (D:5)
  7 orc wizards
  8 worker ants
  2 worker ant zombies
  13 gnolls
  14 adders
  3 river rats
  3 shadow imps
  8 oozes
  An adder skeleton (D:4)
  An adder zombie (D:5)
  6 worms
  A dart slug (D:1)
  7 leopard geckos
  36 orcs
  12 ball pythons
  4 giant cockroaches
  5 goblins
  7 hobgoblins
  7 bats
  5 frilled lizards
  18 kobolds
  A quokka zombie (D:6)
  9 rats
  A bush (D:4)
  A fungus (D:4)
265 creatures vanquished.

Vanquished Creatures (collateral kills)
  Pikel (D:5)
  An ugly thing (D:11)
  An ice beast (D:5)
  A big kobold (D:11)
  An orc wizard (D:11)
  A kobold (Sewer)
6 creatures vanquished.

Vanquished Creatures (others)
  A tentacled starspawn (Abyss:2)
  A slave (D:5)
  A centaur zombie (D:5)
  An orc wizard (D:5)
  An orc (D:5)
  2 starspawn tentacles (Abyss:2)
7 creatures vanquished.

Grand Total: 278 creatures vanquished

Notes
Turn   | Place    | Note
-------+----------+-------------------------------------------
     0 | D:1      | Gorglomux the Ghoul Chaos Knight began the quest for the Orb.
     0 | D:1      | Reached XP level 1. HP: 19/19 MP: 0/0
    18 | D:1      | XOM: potion effect (might)
    22 | D:1      | Reached skill level 1 in Dodging
   230 | D:1      | XOM: harmless Fire miscast
   235 | D:1      | Reached XP level 2. HP: 25/26 MP: 1/1
   475 | D:1      | XOM: harmless Ice miscast
   737 | D:2      | Found a hazy altar of Hepliaklqana.
   762 | D:2      | XOM: harmless Summ miscast
   834 | D:2      | XOM: cast spell 'Alistair's Intoxication'
   849 | D:2      | Reached XP level 3. HP: 17/31 MP: 2/2
  1003 | D:2      | XOM: confuse monster(s)
  1251 | D:2      | XOM: cloud trail
  1511 | D:3      | Reached XP level 4. HP: 40/40 MP: 3/3
  1518 | D:3      | Found a transporter.
  1674 | D:3      | XOM: 6-stop teleportation journey
  1699 | D:3      | XOM: god gift: scroll labeled SACHAG NEISMUY {god gift}
  2030 | D:3      | Found a transporter.
  2320 | D:4      | Found a snail-covered altar of Cheibriados.
  2348 | D:4      | Noticed Duvessa
  2349 | D:4      | Noticed Dowan
  2354 | D:4      | XOM: fog
  2362 | D:4      | XOM: summons friendly crimson imp
  2367 | D:4      | XOM: scenery: create altars
  2454 | D:3      | XOM: god gift: scroll labeled DUVUKO CYEZO {god gift}
  2578 | D:4      | XOM: enchant monster (good)
  2639 | D:4      | Killed Dowan
  2639 | D:4      | Reached XP level 5. HP: 32/45 MP: 4/4
  2810 | D:4      | XOM: summons 4 friendly demons
  2817 | D:4      | Killed Duvessa
  2817 | D:4      | Reached skill level 3 in Armour
  2817 | D:4      | Reached XP level 6. HP: 33/53 MP: 5/5
  2823 | D:4      | Noticed Ratty's ghost (novice CeHu)
  2828 | D:4      | XOM: confuse monster(s)
  2831 | D:4      | Found Neiriseu's Gadget Shop.
  2845 | D:4      | XOM: fog
  2860 | D:4      | Killed Ratty's ghost
  2860 | D:4      | Reached skill level 3 in Dodging
  2860 | D:4      | Reached XP level 7. HP: 34/60 MP: 6/6
  2882 | D:4      | Bought a wand of paralysis (8) for 120 gold pieces
  3216 | D:4      | XOM: enchant monster (good)
  3446 | D:4      | XOM: polymorph quokka -> leopard gecko
  3447 | D:4      | Found a shadowy altar of Dithmenos.
  3454 | D:4      | XOM: repel stairs
  3455 | D:4      | Noticed a naga
  3455 | D:4      | a scorpion changed into a naga
  3457 | D:4      | Killed a naga
  3603 | D:4      | Found a runed door.
  3607 | D:4      | Noticed Crazy Yiuf
  3625 | D:4      | XOM: enchant monster (good)
  3629 | D:4      | Killed Crazy Yiuf
  3710 | D:5      | Entered Level 5 of the Dungeon
  3821 | D:5      | Reached XP level 8. HP: 63/70 MP: 7/7
  3921 | D:5      | Reached skill level 6 in Unarmed Combat
  4094 | D:5      | XOM: scenery: create altars
  4126 | D:5      | Reached skill level 6 in Fighting
  4254 | D:5      | Found a white marble altar of Elyvilon.
  4259 | D:5      | Noticed Pikel
  4260 | D:5      | XOM: destruction
  4274 | D:5      | XOM: summons 3 friendly demons
  4297 | D:5      | XOM: cast spell 'Disjunction'
  4308 | D:5      | Killed Pikel
  4396 | D:5      | Noticed Grinder
  4404 | D:5      | XOM: god gift: wand of acid (11) {god gift}
  4404 | D:5      | Paralysed by Grinder for 6 turns
  4419 | D:5      | Killed Grinder
  4419 | D:5      | Reached XP level 9. HP: 46/78 MP: 8/8
  4434 | D:5      | Got an encrusted hat
  4458 | D:5      | Identified the +2 hat "Hapleo" {rElec rC+ Dex+3 Stlth-} (You found it on level 5 of the Dungeon)
  4492 | D:5      | Noticed Ijyb
  4512 | D:5      | Killed Ijyb
  4802 | D:5      | XOM: summons 3 hostile shadow creatures
  4998 | D:6      | Found a staircase to the Ecumenical Temple.
  5006 | D:6      | XOM: cloud trail
  5092 | D:6      | Found a glowing drain.
  5143 | Sewer    | Entered a sewer
  5512 | Sewer    | XOM: enchant monster (good)
  5542 | Sewer    | XOM: enchant monster (good)
  5649 | Sewer    | XOM: 1-stop teleportation journey
  5675 | Sewer    | XOM: divination: detect creatures
  5704 | Sewer    | XOM: polymorph adder -> ball python
  5781 | D:6      | Noticed Gerstahl's ghost (novice GrMo)
  5793 | D:6      | XOM: summons 9 friendly demons
  5800 | D:6      | Killed Gerstahl's ghost
  5800 | D:6      | Reached skill level 6 in Armour
  5885 | D:6      | XOM: harmless Erth miscast
  5921 | D:6      | Found a blossoming altar of Fedhas.
  6033 | D:6      | Reached skill level 6 in Dodging
  6042 | D:6      | XOM is BORED!
  6042 | D:6      | XOM: summons 4 hostile demons
  6043 | D:6      | Noticed a smoke demon
  6061 | D:6      | XOM: polymorph crimson imp -> iron imp
  6122 | D:6      | XOM: divination: magic mapping
  6480 | D:6      | Found a deep blue altar of Sif Muna.
  6838 | D:7      | XOM: noise
  7044 | D:8      | XOM: summons 2 friendly demons
  7052 | D:8      | Reached XP level 10. HP: 73/86 MP: 9/9
  7070 | D:8      | Noticed Grum
  7076 | D:8      | XOM: divination: detect items
  7081 | D:8      | XOM: potion effect (curing)
  7086 | D:8      | XOM: cast spell 'Ring of Flames'
  7104 | D:8      | Killed Grum
  7294 | D:7      | XOM: harmless Hex miscast
  7397 | D:8      | XOM: divination: detect creatures
  7509 | D:8      | XOM: divination: detect items
  7512 | D:8      | XOM: summons 6 friendly demons
  7569 | D:8      | XOM: harmless Air miscast
  7636 | D:8      | Found a shadowy altar of Dithmenos.
  7803 | D:8      | XOM: polymorph wyvern -> eye of draining
  7807 | D:8      | XOM: harmless Summ miscast
  7836 | D:8      | Reached skill level 9 in Unarmed Combat
  7938 | D:8      | Found a staircase to the Lair.
  8036 | D:9      | Found a stormy altar of Qazlal.
  8036 | D:9      | Found a blossoming altar of Fedhas.
  8036 | D:9      | Found a bloodstained altar of Trog.
  8045 | D:9      | Noticed a two-headed ogre
  8062 | D:9      | Killed a two-headed ogre
  8062 | D:9      | Reached skill level 9 in Fighting
  8093 | D:9      | Found a staircase to the Orcish Mines.
  8113 | D:9      | Noticed Scuka's ghost (novice BaBe)
  8426 | D:8      | XOM: chaos upgrade
  8439 | D:9      | XOM: medium Conj miscast
  8439 | D:9      | XOM: smoke on damage
  8525 | D:9      | XOM: confusion
  8548 | D:9      | Killed Scuka's ghost
  8548 | D:9      | Reached XP level 11. HP: 72/97 MP: 10/10
  8639 | D:9      | XOM: summons 4 hostile shadow creatures
  8640 | D:9      | Noticed a two-headed ogre
  8830 | D:8      | XOM: summons 4 hostile shadow creatures
  8923 | D:9      | Found an ancient bone altar of Kikubaaqudgha.
  8929 | D:9      | XOM: god gift: book of Geomancy {god gift}
  9854 | D:10     | Entered Level 10 of the Dungeon
  9859 | D:10     | Reached skill level 1 in Evocations
  9911 | D:10     | XOM: mild Conj miscast
  9940 | D:10     | XOM: polymorph something unseen -> blink frog
  9952 | D:10     | Found a shattered altar of Ashenzari.
 10208 | D:10     | Reached skill level 3 in Evocations
 10287 | D:10     | Noticed Fannar
 10320 | D:10     | XOM: divination: detect items
 10339 | D:9      | XOM: swap monsters
 10346 | D:9      | Killed Fannar
 10626 | D:11     | XOM is BORED!
 10626 | D:11     | XOM: 3-stop teleportation journey
 10681 | D:11     | Killed an unseen horror
 10895 | D:11     | XOM: summons 4 hostile shadow creatures
 10896 | D:11     | Noticed a manticore
 11104 | D:11     | XOM: enchant monster (bad)
 11288 | D:11     | Noticed a cyan ugly thing
 11309 | D:11     | XOM: confusion (+ monsters)
 11323 | D:11     | Killed a cyan ugly thing
 11408 | D:11     | XOM: silly message
 11414 | D:11     | XOM: 2-stop teleportation journey
 11435 | D:11     | Noticed a cyclops
 11435 | D:11     | XOM: confuse monster(s)
 11448 | D:11     | You fall through a shaft!
 11461 | D:12     | XOM: chaos cloud
 11464 | D:12     | Paralysed by you for 3 turns
 11473 | D:12     | Paralysed by you for 3 turns
 11484 | D:12     | XOM: severe Pois miscast
 11493 | D:12     | XOM: harmless Hex miscast
 11500 | D:12     | HP: 3/99 [something (18)]
 11501 | D:12     | XOM: noise
 11507 | D:12     | XOM: polymorph adder -> worker ant
 11509 | D:12     | XOM: medium Tloc miscast
 11509 | D:12     | Cast into level 2 of the Abyss (the capriciousness of Xom)
 11567 | Abyss:2  | Noticed a tentacled starspawn
 11581 | Abyss:2  | XOM: confusion
 11588 | Abyss:2  | XOM: divine lightning
 11588 | Abyss:2  | Killed a tentacled starspawn
 11819 | Abyss:2  | Noticed a worldbinder
 11828 | Abyss:2  | Killed a worldbinder
 11842 | Abyss:2  | Noticed a large abomination
 11855 | Abyss:2  | Noticed a thrashing horror
 11857 | Abyss:2  | HP: 1/101 [large abomination (15)]
 11858 | Abyss:2  | Annihilated by a large abomination

Vault maps used:
D:1:      giann_forest_graveyard
D:2:      lemuel_round_altar
D:3:      gammafunk_wand_slinger, first_bread, minmay_misc_feat_nine_boxes
D:4:      nicolae_overflow_hidden_temple, serial_shops, nicolae_shop_crystal,
          grunt_dithmenos_smoke, uniq_duvessa, uniq_crazy_yiuf_cottage
D:5:      lemuel_doored_altar, st_stairs_13, uniq_pikel, uniq_ijyb, uniq_grinder
D:6:      lemuel_blue_sif_altar, minmay_temple_entry_statues_pillars,
          basic_altar, portal_sewer_entry_c
D:7:      basic_altar
D:8:      overflow_temple_1_default, erik_lair_dragon, serial_glass,
          glass_columns_b, glass_columns_b, hangedman_little_slice_of_home,
          uniq_grum
D:9:      grunt_temple_overflow_open, david_orc_3, basic_altar
D:10:     serial_glass, glass_columns_b, glass_columns_b,
          grunt_decor_one_mirror, evilmike_ruin_ashenzari, uniq_fannar
D:12:     minivault_15, uniq_snorg
Sewer:    sewer_co_tree

Skill      XL: |  1  2  3  4  5  6  7  8  9 10 11 |
---------------+----------------------------------+-----
Dodging        | 1 2 3 5 6 7 8 |  8.3
Armour         | 2 3 4 5 6 7 8 |  8.5
Unarmed Combat | 4 5 6 8 9 10 | 10.3
Fighting       | 4 5 6 8 9 10 | 10.3
Evocations     | 5 |  5.0

Action                   |  1- 3 |  4- 6 |  7- 9 | 10-12 || total
-------------------------+-------+-------+-------+-------++-------
Melee: Unarmed           |   108 |   125 |   680 |   471 ||  1384
       Punch             |     1 |     1 |    11 |    23 ||    36
Evoke: Wand              |       |       |     7 |    12 ||    19
  Use: Scroll            |       |     3 |     7 |     4 ||    14
       Potion            |       |       |       |     6 ||     6
 Stab: Paralysed         |       |       |    10 |       ||    10
       Betrayed ally     |       |       |     1 |       ||     1
       Distracted        |       |       |       |     1 ||     1
       Confused          |       |       |       |     2 ||     2
       Invisible         |       |       |       |     1 ||     1
  Eat: Chunk             |     5 |     5 |    15 |    24 ||    49
Armor: Leather armour    |    31 |       |       |       ||    31
       Plate armour      |    16 |    50 |   328 |   321 ||   715
Dodge: Dodged            |    55 |    26 |   174 |   189 ||   444

Table legend:
 A = Spawn XP
 B = Non-spawn XP
 C = Spawn XP percentage of total XP
 D = Spawn monster count
 E = Non-spawn monster count
 F = Spawn count percentage of total count
 G = Total turns spent on level
                    A         B        C        D         E        F      G
               +---------+---------+-------+---------+---------+-------+---------
         Total |    2702 |   15089 |  15.2 |       4 |     266 |   1.5 | 11858
               +---------+---------+-------+---------+---------+-------+---------
           D:1 |       0 |      28 |   0.0 |       0 |      17 |   0.0 |   737
           D:2 |       0 |      53 |   0.0 |       0 |      15 |   0.0 |   765
           D:3 |       0 |      79 |   0.0 |       0 |      18 |   0.0 |  1109
           D:4 |       0 |     912 |   0.0 |       0 |      16 |   0.0 |  1099
           D:5 |       0 |    1408 |   0.0 |       0 |      35 |   0.0 |  1138
           D:6 |       0 |    1097 |   0.0 |       0 |      24 |   0.0 |  1060
           D:7 |       0 |     405 |   0.0 |       0 |       6 |   0.0 |   788
           D:8 |       0 |    2787 |   0.0 |       0 |      36 |   0.0 |  1291
           D:9 |       0 |    3639 |   0.0 |       0 |      20 |   0.0 |  1284
          D:10 |       0 |    1231 |   0.0 |       0 |      17 |   0.0 |   719
          D:11 |       0 |    2570 |   0.0 |       0 |      30 |   0.0 |   851
          D:12 |       0 |     407 |   0.0 |       0 |       4 |   0.0 |    61
       Abyss:2 |    2702 |       0 | 100.0 |       4 |       0 | 100.0 |   349
         Sewer |       0 |     473 |   0.0 |       0 |      28 |   0.0 |   607
               +---------+---------+-------+---------+---------+-------+---------
